 Dungeon Crawl Stone Soup version 0.27-a0-1188-g73eefd5def (webtiles) character file.

Game seed: 12287719623372495587

233 ZappyNine the Sneak (level 5, -1/41 HPs)
             Began as a Vampire Brigand on May 20, 2021.
             Succumbed to a water moccasin's poison
             ... in the Ecumenical Temple.
             The game lasted 00:06:26 (3610 turns).

ZappyNine the Sneak (Vampire Brigand)               Turns: 3610, Time: 00:06:27

Health: -1/41      AC:  5    Str: 10    XL:     5   Next: 74%
Magic:  5/5        EV: 13    Int: 20    God:
Gold:   174        SH:  0    Dex: 16    Spells: 4/4 levels left

rFire    . . .     SeeInvis +   a - +2 dagger
rCold    . . .     Faith    .   (no shield)
rNeg     . . .     Spirit   .   b - +0 robe
rPois    .         Reflect  .   i - +0 helmet
rElec    .         Harm     .   c - +0 cloak
rCorr    .         Rampage  .   (no gloves)
Will     .....                  h - +0 pair of boots
Stlth    ++++......             (no amulet)
HPRegen  0.33/turn              j - ring of wizardry
MPRegen  0.09/turn              p - +6 ring of intelligence

@: lethally poisoned (-1 -> -20), flying, healing quickly
A: alive, fangs 3, see invisible, vampiric 2
a: Exsanguinate


You were in the Ecumenical Temple.
You visited 2 branches of the dungeon, and saw 5 of its levels.

You collected 174 gold pieces.

Inventory:

Hand Weapons
 a - a +2 dagger (weapon)
Missiles
 d - 8 poisoned darts (quivered)
 e - 2 curare-tipped darts
Armour
 b - a +0 robe (worn)
 c - a +0 cloak (worn)
 h - a +0 pair of boots (worn)
 i - a +0 helmet (worn)
Jewellery
 j - a ring of wizardry (left hand)
 p - a +6 ring of intelligence (right hand)
Scrolls
 f - a scroll of blinking
 k - a scroll of teleportation
 m - a scroll of enchant armour
 n - 2 scrolls of identify


   Skills:
 - Level 3.1 Fighting
 - Level 3.9 Short Blades
 - Level 1.5 Throwing
 + Level 3.0 Dodging
 + Level 7.4 Stealth


You had 4 spell levels left.
You didn't know any spells.
Your spell library was empty.

Dungeon Overview and Level Annotations

Branches:
Dungeon (5/15)             Temple (1/1) D:5

Altars:

Shops:
D:1 [(   D:2 :


Innate Abilities, Weirdness & Mutations

Your natural rate of healing is accelerated.
You have razor-sharp teeth.
You have supernaturally acute eyesight. (SInv)
You are afflicted with vampirism and can become a bat while bloodless.


Message History

You fly up into the air.
The water moccasin bites you.
You closely miss the water moccasin. The water moccasin closely misses you.
The water moccasin bites you.
You closely miss the water moccasin. The water moccasin bites you.
You hit the water moccasin.
The water moccasin is lightly wounded.
The water moccasin misses you.
Really read the scroll of torment?
As you read the scroll of torment, it crumbles to dust.
Your body is wracked with pain!
The water moccasin convulses!
The water moccasin bites you.
You miss the water moccasin.
The water moccasin is heavily wounded.
The water moccasin barely misses you.
You hit the water moccasin.
The water moccasin is severely wounded.
The water moccasin barely misses you.
You hit the water moccasin.
The water moccasin is severely wounded.
The water moccasin bites you. x2
* * * LOW HITPOINT WARNING * * *
You are poisoned.
The water moccasin poisons you!
You barely miss the water moccasin.
The water moccasin is severely wounded.
* * * LOW HITPOINT WARNING * * *
You feel sick. The water moccasin bites you.
* * * LOW HITPOINT WARNING * * *
You hit the water moccasin.
The water moccasin is almost dead.
* * * LOW HITPOINT WARNING * * *
You feel sick. The water moccasin bites you.
* * * LOW HITPOINT WARNING * * *
You are more poisoned.
The water moccasin poisons you!
Unknown command.
You aren't carrying any potions.
You hit the water moccasin.
The water moccasin is almost dead.
You die...

#########
.8..8...#
.......S#
.......@#
........#
.8..8...#
#########


You could see a water moccasin.

Vanquished Creatures
  A scorpion (D:3)
  An orc wizard (D:3)
  Robin (D:2)
  A gnoll (D:1)
  2 adders (D:3)
  2 worms
  2 dart slugs
  8 orcs (D:3)
  8 ball pythons
  9 endoplasms
  3 giant cockroaches
  15 goblins
  7 hobgoblins
  12 jackals
  6 kobolds
  2 quokkas (D:2)
  A bat (D:3)
  2 frilled lizards (D:2)
  4 rats
87 creatures vanquished.

Notes
Turn   | Place    | Note
-------+----------+-------------------------------------------
     0 | D:1      | ZappyNine the Vampire Brigand began the quest for the Orb.
     0 | D:1      | Reached XP level 1. HP: 16/16 MP: 1/1
   171 | D:1      | Found a faded altar of an unknown god.
   211 | D:1      | Reached XP level 2. HP: 22/22 MP: 2/2
   477 | D:1      | Gained mutation: You are afflicted with vampirism and can
                  | become a bat while bloodless. [Vampire growth]
   477 | D:1      | Reached XP level 3. HP: 3/28 MP: 3/3
   768 | D:1      | Found Sezosuf's Antique Weapon Emporium.
   903 | D:1      | Found Byzaruel's Armour Shop.
  1228 | D:2      | Noticed Robin
  1540 | D:2      | Killed Robin
  1669 | D:2      | Reached XP level 4. HP: 35/35 MP: 4/4
  1755 | D:2      | Found Abacif's Book Boutique.
  2057 | D:2      | Reached skill level 6 in Stealth
  2532 | D:3      | Reached XP level 5. HP: 36/41 MP: 5/5
  3290 | D:3      | Reached skill level 7 in Stealth
  3584 | D:3      | You fall into a shaft and drop 2 floors!
  3584 | D:5      | Entered Level 5 of the Dungeon
  3590 | D:5      | Found a staircase to the Ecumenical Temple.
  3591 | D:5      | Noticed a water moccasin
  3599 | Temple   | Entered the Ecumenical Temple
  3609 | Temple   | HP: 1/41 [water moccasin (4)]
  3610 | Temple   | Succumbed to a water moccasin's poison

Illustrated notes

Levels and vault maps discovered:
D:1:      dpeg_arrival_long_road, layout_loops_ring, serial_shops,
          nicolae_shop_window_shopping,
          nicolae_shop_temple_entry_statues_fountains,
          chequers_ecumenical_altar_lobes, minmay_pentomino_v4
D:2:      layout_basic, serial_shops, shop, st_stairs_8, minmay_misc_feat_doors,
          uniq_robin
D:3:      minmay_spotlight, layout_basic
D:5:      layout_basic, xom_teletrap_fun, lemuel_round_altar,
          yredelemnul_forgotten_temple_becter, lemuel_tele_altar,
          gammafunk_temple_overflow_elements, temple_fountains
Temple:   cyrus_temple_forest

Skill      XL: |  1  2  3  4  5 |
---------------+----------------+-----
Fighting       | 2 3 |  3.1
Short Blades   | 3 |  3.9
Stealth        | 6 7 |  7.4
Dodging        | 3 |  3.0
Throwing       | |  1.5

Action                   |  1- 3 |  4- 6 || total
-------------------------+-------+-------++-------
Melee: Dagger            |   138 |   159 ||   297
       Bite              |    11 |    12 ||    23
  Use: Potion            |     3 |     2 ||     5
       Scroll            |       |     6 ||     6
 Stab: Sleeping          |     3 |    16 ||    19
Armor: Robe              |    42 |    26 ||    68
Dodge: Dodged            |    96 |    54 ||   150

Table legend: (Time is in decaauts)
 A = Elapsed time spent in this place.
 B = Non-inter-level travel time spent in this place.
 C = Inter-level travel time spent in this place.
 D = Time resting spent in this place.
 E = Time spent auto-exploring this place.
 F = Levels seen in this place.
 G = Mean time per level.
                   A        B        C        D        E       F      G
               +--------+--------+--------+--------+--------+-----+--------+
         Total |   3558 |   3532 |     26 |   1120 |   1537 |   5 |  711.6 |
       Dungeon |   3549 |   3523 |     26 |   1120 |   1537 |   4 |  887.2 |
        Temple |      9 |      9 |      0 |      0 |      0 |   1 |    9.0 |
               +--------+--------+--------+--------+--------+-----+--------+

Top non-repeatable levels by time:
     D:1: 1443 daAuts
     D:3: 1302 daAuts
     D:2: 789 daAuts
     D:5: 14 daAuts
  Temple: 9 daAuts
